 Dungeon Crawl Stone Soup version 0.24-a0-388-gb57f36d6e0 (webtiles) character file.

Game seed: 3967016692648555879

153 PentaManta the Slinger (level 5, -5/34 HPs)
             Began as a Halfling Hunter on June 4, 2019.
             Killed from afar by Sigmund (9 damage)
             ... with a puff of flame
             ... on level 2 of the Dungeon.
             The game lasted 00:03:13 (1390 turns).

PentaManta the Slinger (Halfling Hunter)            Turns: 1390, Time: 00:03:14

Health: -5/34      AC:  3    Str: 14    XL:     5   Next: 61%
Magic:  5/5        EV: 14    Int:  9    God:
Gold:   84         SH:  0    Dex: 15    Spells: 4/4 levels left

rFire    . . .     SeeInvis .   a - +1 hunting sling
rCold    . . .     Gourm    .   (shield restricted)
rNeg     . . .     Faith    .   c - +0 leather armour
rPois    .         Spirit   .   (no helmet)
rElec    .         Reflect  .   (no cloak)
rCorr    .         Harm     .   (no gloves)
MR       .....                  (no boots)
Stlth    +.........             (no amulet)
HPRegen  0.11/turn              (no ring)
MPRegen  0.09/turn              (no ring)

@: very slow
A: small, mutation resistance 1
a: no special abilities


You were on level 2 of the Dungeon.
You were not hungry.

You visited 1 branch of the dungeon, and saw 2 of its levels.

You collected 84 gold pieces.

Inventory:

Hand Weapons
 a - a +1 hunting sling (weapon)
 b - a +0 short sword
Missiles
 d - 3 sling bullets (quivered)
 g - 5 stones
Armour
 c - a +0 leather armour (worn)
Scrolls
 e - 2 scrolls of identify {unknown}
 i - 2 scrolls of remove curse {unknown}
 n - a scroll of fog {unknown}
 o - a scroll of blinking {unknown}
Potions
 h - 3 potions of flight {unknown}
 j - a potion of lignification {unknown}
 k - 2 potions of might {unknown}
 l - a potion of cancellation {unknown}
 m - a potion of resistance {unknown}
Comestibles
 f - 4 rations
 p - a chunk of flesh


   Skills:
 - Level 1.7 Fighting
 + Level 9.3 Slings
 - Level 2.1 Dodging
 - Level 1.1 Stealth


You had 4 spell levels left.
You didn't know any spells.
Your spell library was empty.

Dungeon Overview and Level Annotations

Branches:
Dungeon (2/15)

Altars:
Uskayaw

Annotations:
D:2 Natasha, Sigmund


Innate Abilities, Weirdness & Mutations

You are small and have problems with some larger weapons.
You are somewhat resistant to further mutation.


Message History

Sigmund points at you and mumbles some strange words.
You are confused.
Sigmund mumbles some strange words.
Sigmund flickers and vanishes!
Deactivating autopickup; reactivate with Ctrl-A.
Natasha, Servant of Life and Death comes into view.
You hear some strange, mumbled words.
Something tries to affect you, but you resist.
Something hits you but does no damage.
Natasha hisses angrily.
You feel less confused.
You enter the shallow water.
Moving in this stuff is going to be slow.
Natasha casts a spell at you. The magic dart hits you. Something hits you!
* * * LOW HITPOINT WARNING * * *
You hear some strange, mumbled words.
A puff of flame appears from out of thin air!
The puff of flame hits you!
You die...

..).....# ##............#..#
.)......## #..≈≈........##.##
.........###.≈..≈.......##..#
..)##..#.##≈≈≈..≈..≈≈(..≈##.#
.........#≈≈≈..≈..≈..≈..≈≈#.#
##.####..#≈≈...≈.⌠(..≈..≈≈#.#
.....##(.#≈≈..≈..)⌠.≈...≈≈#.#
....(.#..#≈≈..≈..÷..≈..≈≈≈#.#
....(.#..##≈...≈@.h≈..≈≈≈##.#
.._.......##......(≈..≈.###.#
......#(..##......(.≈≈..# #.#
......#...(#............###.#
.....##(.................#..#
##.####...............÷..#.##
$.....###.....(###.....##
....(. #......# #....#.#####
(?.(. ###....# #..........#


You could see Natasha.

Vanquished Creatures
  Natasha (D:2)
  4 gnolls (D:2)
  2 adders (D:2)
  2 oozes (D:2)
  3 worms (D:2)
  A dart slug (D:2)
  A leopard gecko (D:2)
  6 bats
  5 giant cockroaches
  5 goblins
  3 hobgoblins (D:1)
  2 quokkas (D:2)
  3 frilled lizards
  8 kobolds
  10 rats
56 creatures vanquished.

Notes
Turn   | Place    | Note
-------+----------+-------------------------------------------
     0 | D:1      | PentaManta the Halfling Hunter began the quest for the Orb.
     0 | D:1      | Reached XP level 1. HP: 14/14 MP: 1/1
    25 | D:1      | Reached skill level 6 in Slings
    97 | D:1      | Reached XP level 2. HP: 19/19 MP: 2/2
   321 | D:1      | Reached skill level 7 in Slings
   321 | D:1      | Reached XP level 3. HP: 24/24 MP: 3/3
   652 | D:2      | Reached XP level 4. HP: 28/29 MP: 4/4
   660 | D:2      | Reached skill level 8 in Slings
   683 | D:2      | Found a hide-covered altar of Uskayaw.
   842 | D:2      | Reached XP level 5. HP: 34/34 MP: 5/5
   897 | D:2      | Reached skill level 9 in Slings
  1146 | D:2      | Noticed Natasha
  1158 | D:2      | Killed Natasha
  1359 | D:2      | Noticed Sigmund
  1384 | D:2      | Noticed Natasha
  1390 | D:2      | Killed from afar by Sigmund

Levels and vault maps discovered:
D:1:      eino_arrival_druids_welcome, layout_basic, minmay_misc_feat_ornament
D:2:      cheibrodos_helix_gallery, layout_basic, old_standard_altar,
          uniq_sigmund, uniq_natasha

Skill      XL: |  1  2  3  4  5 |
---------------+----------------+-----
Slings         | 6 7 8 9 |  9.3
Fighting       | |  1.7
Dodging        | |  2.1
Stealth        | |  1.1

Action                   |  1- 3 |  4- 6 || total
-------------------------+-------+-------++-------
 Fire: Hunting sling     |    88 |   120 ||   208
  Eat: Chunk             |       |     1 ||     1
Armor: Leather armour    |     3 |     6 ||     9
Dodge: Dodged            |    10 |    32 ||    42

Table legend:
 A = Non-vault XP
 B = Vault XP
 C = Vault XP percentage of total XP
 D = Non-vault monster count
 E = Vault monster count
 F = Vault count percentage of total count
                 A         B        C        D         E       F
            +---------+---------+-------+---------+---------+-------
      Total |     183 |      36 |  16.4 |      54 |       2 |   3.6
            +---------+---------+-------+---------+---------+-------
        D:1 |      42 |       0 |   0.0 |      27 |       0 |   0.0
        D:2 |     141 |      36 |  20.3 |      27 |       2 |   6.9
            +---------+---------+-------+---------+---------+-------
